 Dungeon Crawl Stone Soup version 0.31.0-12-g77e489cdc1 (webtiles) character file.

Game seed: 16349500146875673029

70 Gadfly the Trooper (level 4, -12/49 HPs)
             Began as an Oni Berserker on Feb 23, 2024.
             Was a Believer of Trog.
             Mangled by a gnoll
             ... wielding a +0 flail
              (13 damage)
             ... on level 3 of the Dungeon.
             The game lasted 00:02:36 (1889 turns).

Gadfly the Trooper (Oni Berserker)                  Turns: 1889, Time: 00:02:36

Health: -12/49     AC:  3    Str: 20 (21) XL:     4   Next: 22%
Magic:  4/4        EV: 10    Int:  7 (8)  God:    Trog [**....]
Gold:   158        SH:  0    Dex:  9 (10) Spells: 3/3 levels left

rFire   . . .        b - +1 dagger (venom)
rCold   . . .        (no shield)
rNeg    . . .        o - +0 animal skin
rPois   .            (helmet restricted)
rElec   .            (no cloak)
rCorr   .            (gloves unavailable)
SInv    .            (boots unavailable)
Will    .....        (no amulet)
Stlth   +            (no ring)
HPRegen 0.28/turn    (no ring)
MPRegen 0.09/turn

%: no passive effects
@: no status effects
A: large, unfitting armour, horns 1, tough skin 1, double potion healing,
drunken brawling
a: Renounce Religion, Berserk, Trog's Hand


You were on level 3 of the Dungeon.
You worshipped Trog.
Trog was pleased with you.
You visited 1 branch of the dungeon, and saw 3 of its levels.

You collected 158 gold pieces.

Inventory:

Hand Weapons
 a - a +0 mace
 b - a +1 dagger of venom (weapon)
Armour
 o - a +0 animal skin (worn)
Wands
 q - a wand of digging (8)
Scrolls
 d - a scroll of vulnerability
 g - a scroll of fear
Potions
 c - a potion of haste
 e - 3 potions of might
 h - a potion of brilliance {unknown}
 i - a potion of attraction
 j - a potion of resistance {unknown}
 l - a potion of heal wounds {unknown}


   Skills:
 + Level 4.4 Fighting
 * Level 3.6 Maces & Flails
 * Level 3.2 Dodging
 * Level 1.3 Evocations


You had 3 spell levels left.
You didn't know any spells.
Your spell library was empty.

Dungeon Overview and Level Annotations

Branches:
Dungeon (3/15)

Altars:


Innate Abilities, Weirdness & Mutations

You are too large for most types of armour.
You have a pair of small horns on your head.
You have tough skin. (AC +1)
You gain doubled healing and magic from potions.
Whenever you drink a healing potion, you attack all around you.


Message History

The gnoll hits you from afar with a +0 halberd!
The gnoll hits you with a +0 flail.
You are too injured to fight recklessly!
You are too injured to fight recklessly!
You are too injured to fight recklessly!
You are too injured to fight recklessly!
You are too injured to fight recklessly!
You are too injured to fight recklessly!
You are too injured to fight recklessly!
You are too injured to fight recklessly!
You are too injured to fight recklessly!
You are too injured to fight recklessly!
You are too injured to fight recklessly!
You are too injured to fight recklessly!
You are too injured to fight recklessly!
You are too injured to fight recklessly!
You are too injured to fight recklessly!
You are too injured to fight recklessly!
You are too injured to fight recklessly!
You are too injured to fight recklessly!
You are too injured to fight recklessly!
Unknown command.
There is an open door here.
The gnoll attacks as it pursues you! The gnoll barely misses you.
You completely miss the gnoll.
The gnoll is moderately wounded.
The gnoll barely misses you.
The gnoll hits you from afar with a +0 halberd!
* * * LOW HITPOINT WARNING * * *
The gnoll attacks as it pursues you! The gnoll closely misses you.
The gnoll attacks as it pursues you! The gnoll hits you with a +0 flail.
* * * LOW HITPOINT WARNING * * *
The gnoll attacks as it pursues you! The gnoll hits you with a +0 flail!
* * * LOW HITPOINT WARNING * * *
There is a stone staircase leading up, spattered with blood here.
It was a potion of degeneration.
There was something very wrong with that liquid.
You feel weakened.
You feel dopey.
You feel clumsy. The gnoll hits you with a +0 flail!
You die...

.......)..##....
........g......# #
##+#####'###.## #.
######.#
###.###.....(###.#
..........##.....#
###.....g.#########
.......g...........
##.....@...........
..................
###...............
......#.##...######
###+#...##.........
.........+......####
........##..........
........###.....###
.........##.....#


You could see 2 gnolls.

Vanquished Creatures
  4 gnolls
  4 endoplasms
  A giant cockroach (D:1)
  5 goblins
  2 hobgoblins (D:2)
  2 quokkas
  3 ball pythons
  5 bats
  A frilled lizard (D:2)
  2 kobolds (D:2)
  4 rats
33 creatures vanquished.

Notes
Turn   | Place    | Note
-------+----------+-------------------------------------------
     0 | D:1      | Gadfly the Oni Berserker began the quest for the Orb.
     0 | D:1      | Reached XP level 1. HP: 24/24 MP: 1/1
   271 | D:1      | Reached XP level 2. HP: 27/32 MP: 2/2
  1190 | D:2      | Reached XP level 3. HP: 34/39 MP: 3/3
  1495 | D:2      | Reached skill level 1 in Evocations
  1743 | D:2      | Reached ** piety under Trog
  1744 | D:2      | Reached XP level 4. HP: 18/49 MP: 4/4
  1888 | D:3      | HP: 1/49 [gnoll/+0 flail (8)]
  1889 | D:3      | Mangled by a gnoll

Illustrated notes

Levels and vault maps discovered:
D:1:      dpeg_arrival_pits, layout_loops_ring
D:2:      layout_basic
D:3:      layout_basic

Skill      XL: |  1  2  3 |
---------------+----------+-----
Dodging        | 3 |  3.2
Evocations     | 1 |  1.3
Fighting       | |  4.4
Maces & Flails | |  3.6

Action                     |  1- 3 |  4- 6 || total
---------------------------+-------+-------++-------
  Melee: Mace              |    46 |       ||    46
         Headbutt          |    12 |       ||    12
         Dagger            |    26 |     6 ||    32
    Use: Scroll            |    12 |       ||    12
         Potion            |     1 |     1 ||     2
 Armour: Animal skin       |    44 |    11 ||    55
  Dodge: Dodged            |    45 |     5 ||    50
